 Dungeon Crawl Stone Soup version 0.20.1-1-g8b1a95d (webtiles) character file.

92 Kingsmith the Shield-Bearer (level 4, -2/28 HPs)
             Began as a Gargoyle Fighter on Dec 8, 2017.
             Slain by Crazy Yiuf
             ... wielding a +2 quarterstaff of chaos
              (10 damage)
             ... on level 2 of the Dungeon.
             The game lasted 00:02:16 (2057 turns).

Kingsmith the Shield-Bearer (Gargoyle Fighter)      Turns: 2057, Time: 00:02:17

Health: -2/28      AC: 10    Str: 20    XL:     4   Next: 60%
Magic:  4/4        EV:  9    Int:  9    God:
Gold:   92         SH:  0    Dex:  9    Spells: 3/3 levels left

rFire    . . .     SeeInvis .   a - +0 long sword
rCold    . . .     Gourm    .   (no shield)
rNeg     + . .     Faith    .   b - +0 scale mail
rPois    ∞         Spirit   .   (no helmet)
rElec    +         Reflect  .   (no cloak)
rCorr    .         Harm     .   (no gloves)
MR       .....                  (no boots)
Stlth    ..........             (no amulet)
Regen    0.1/turn               m - ring of loudness (curse)
MPRegen  0.1/turn               e - ring of wizardry

@: no status effects
A: negative energy resistance 1, electricity resistance, unbreathing,
petrification resistance, rot immunity, AC +3
a: no special abilities


You were on level 2 of the Dungeon.
You were very hungry.

You visited 1 branch of the dungeon, and saw 2 of its levels.

You collected 92 gold pieces.

Inventory:

Hand Weapons
 a - a +0 long sword (weapon)
Armour
 b - a +0 scale mail (worn)
 c - a +0 shield
Jewellery
 e - a ring of wizardry (right hand)
 m - a cursed ring of loudness (left hand)
Scrolls
 i - a scroll of remove curse {unknown}
 n - a scroll of teleportation
Potions
 d - a potion of might
 h - a potion of ambrosia
 l - a potion of degeneration {unknown}
Comestibles
 f - 3 bread rations
 g - 2 meat rations


   Skills:
 - Level 3.2 Fighting
 - Level 1.7 Long Blades
 - Level 3.2 Armour
 + Level 5.7 Shields


You had 3 spell levels left.
You didn't know any spells.

Dungeon Overview and Level Annotations

Branches:
Dungeon (2/15)

Altars:

Annotations:
D:2 Crazy Yiuf


Innate Abilities, Weirdness & Mutations

You are resistant to torment.
Your stone body is resilient. (AC +3)
You are immune to poison.
You resist negative energy. (rN+)
You are resistant to electric shocks. (rElec)
You can survive without breathing.
You are immune to petrification.
You are immune to rotting.


Message History

Crazy Yiuf is severely wounded.
Crazy Yiuf hits you with a quarterstaff of chaos.
* * * LOW HITPOINT WARNING * * *
Crazy Yiuf burns you.
* * * LOW HITPOINT WARNING * * *
You hit Crazy Yiuf but do no damage.
Crazy Yiuf is severely wounded.
Crazy Yiuf yells, "East!
Key sallow sing-song."
Crazy Yiuf drinks a potion.
Crazy Yiuf is healed!
Crazy Yiuf hits you but does no damage.
You closely miss Crazy Yiuf.
Crazy Yiuf is moderately wounded.
Crazy Yiuf hits you but does no damage.
You closely miss Crazy Yiuf.
Crazy Yiuf is moderately wounded.
Crazy Yiuf hits you but does no damage.
You hit Crazy Yiuf.
Crazy Yiuf is heavily wounded.
Crazy Yiuf hits you with a quarterstaff of chaos!
You die...

##.####.#.......##..#######
............(.............#
.......#........##..#####.#
.#.###.############## #.#
...###.# #.### .##....#
#...# .##.##.##♣♣ ####
###.# .##.##...P♣♣ ♣♣#..)#
#.# .........PP♣♣♣♣.@g..#
#.# #.#.##......♣..♣#...#
#.# ....###..P.♣.♣♣♣ ####
#.# ....# ###♣♣♣♣♣ ####.#
...## #....# #.## #####
#.#### ### #...# #.# ##.##
#.# ###.# #.#


You could see Crazy Yiuf.

Vanquished Creatures
  3 adders (D:2)
  4 worms (D:2)
  A dart slug (D:1)
  A leopard gecko (D:1)
  5 giant cockroaches (D:2)
  6 goblins
  4 hobgoblins
  4 jackals (D:1)
  3 kobolds (D:1)
  A ball python (D:2)
  8 bats
  A frilled lizard (D:2)
  8 rats
49 creatures vanquished.

Notes
Turn   | Place    | Note
-------+----------+-------------------------------------------
     0 | D:1      | Kingsmith the Gargoyle Fighter began the quest for the Orb.
     0 | D:1      | Reached XP level 1. HP: 14/14 MP: 1/1
   140 | D:1      | Reached XP level 2. HP: 19/19 MP: 2/2
   165 | D:1      | Reached skill level 4 in Shields
   535 | D:1      | Reached XP level 3. HP: 18/23 MP: 3/3
   587 | D:1      | You fall through a shaft!
   651 | D:2      | Reached skill level 5 in Shields
  1149 | D:2      | Reached XP level 4. HP: 24/28 MP: 4/4
  1793 | D:2      | Found a runed door.
  2037 | D:2      | Noticed Crazy Yiuf
  2057 | D:2      | Slain by Crazy Yiuf

Skill      XL: |  1  2  3 |
---------------+----------+-----
Shields        | 4 5 |  5.7
Fighting       | |  3.2
Long Blades    | |  1.7
Armour         | |  3.2

Action                   |  1- 3 |  4- 6 || total
-------------------------+-------+-------++-------
Melee: Long sword        |   123 |    70 ||   193
  Use: Scroll            |       |     5 ||     5
  Eat: Chunk             |       |     3 ||     3
Armor: Scale mail        |   105 |    49 ||   154
Dodge: Dodged            |    63 |    37 ||   100
Block: Shield            |    10 |       ||    10
       Rpst.: Long sword |    21 |    15 ||    36
